 Dungeon Crawl Stone Soup version 0.29.0-13-gc9e81de378 (webtiles) character file.

Game seed: 16176443705460000056

226 avis the Chopper (level 6, 0/53 HPs)
             Began as a Hill Orc Monk on Sept 9, 2022.
             Slain by an ogre
             ... wielding a +0 giant spiked club
              (27 damage)
             ... on level 4 of the Dungeon.
             The game lasted 00:13:47 (3237 turns).

avis the Chopper (Hill Orc Monk)                    Turns: 3237, Time: 00:13:48

Health: 0/53       AC:  7    Str: 16    XL:     6   Next: 1%
Magic:  6/6        EV: 14    Int: 10    God:
Gold:   101        SH:  0    Dex: 13    Spells: 5/5 levels left

rFire   . . .      SeeInvis .   a - +0 hand axe
rCold   . . .      Faith    .   (no shield)
rNeg    . . .      Spirit   .   e - +0 scale mail
rPois   .          Reflect  .   (no helmet)
rElec   .          Harm     .   p - +0 cloak
rCorr   .          Rampage  .   (no gloves)
Will    .....                   (no boots)
Stlth   ..........              (no amulet)
HPRegen 0.17/turn               u - +4 ring of evasion
MPRegen 0.10/turn               (no ring)

@: no status effects
A: no striking features
a: no special abilities


You were on level 4 of the Dungeon.
You visited 1 branch of the dungeon, and saw 4 of its levels.

You collected 101 gold pieces.

Inventory:

Hand Weapons
 a - a +0 hand axe (weapon)
 t - a +0 trident
Missiles
 m - 18 stones (quivered)
Armour
 b - a +0 robe
 e - a +0 scale mail (worn)
 p - a +0 cloak (worn)
 q - a +0 plate armour
Jewellery
 u - a +4 ring of evasion (left hand)
Scrolls
 d - a scroll of enchant weapon {unknown}
 i - a scroll of torment {unknown}
 k - a scroll of summoning {unknown}
 n - 2 scrolls of teleportation {unknown}
 o - 2 scrolls of fog {unknown}
 s - a scroll of immolation {unknown}
Potions
 c - a potion of ambrosia
 f - a potion of attraction {unknown}
 g - a potion of curing {unknown}
 h - a potion of might {unknown}
 j - 2 potions of flight {unknown}
 r - a potion of lignification {unknown}


   Skills:
 + Level 4.7 Fighting
 * Level 7.8 Axes
 - Level 2.4 Dodging
 - Level 1.5 Stealth


You had 5 spell levels left.
You didn't know any spells.
Your spell library contained the following spells:

 Spells                   Type           Power      Damage    Failure   Level
 Ensorcelled Hibernation  Hex/Ice        0%         N/A       91%         2
 Passwall                 Tmut/Erth      0%         N/A       91%         2
 Spider Form              Tmut/Pois      0%         N/A       99%         3
 Swiftness                Air            0%         N/A       99%         3
 Anguish                  Hex/Necr       0%         N/A       100%        4


Dungeon Overview and Level Annotations

Branches:
Dungeon (4/15)
 Temple: D:4-7

Altars:
Hepliaklqana

Shops:
D:1 [


Message History

Press: ? - help, Q - select action, (/) - cycle Shift-Dir - straight line, f/p - ogre
Aim: an ogre, wielding a +0 giant spiked club (lightly wounded, poisoned, 74% to hit)
You throw a poisoned dart.
The poisoned dart closely misses the ogre.
Throw: 2 darts (poison)
Press: ? - help, Q - select action, (/) - cycle Shift-Dir - straight line, f/p - ogre
Aim: an ogre, wielding a +0 giant spiked club (lightly wounded, poisoned, 74% to hit)
You throw a poisoned dart. The poisoned dart hits the ogre.
The ogre is lightly wounded.
Throw: dart (poison)
Press: ? - help, Q - select action, (/) - cycle Shift-Dir - straight line, f/p - ogre
Aim: an ogre, wielding a +0 giant spiked club (lightly wounded, poisoned, 74% to hit)
You throw a poisoned dart. The poisoned dart hits the ogre.
The ogre is lightly wounded.
You barely miss the ogre.
The ogre is lightly wounded.
The ogre hits you with a +0 giant spiked club.
You barely miss the ogre.
The ogre is lightly wounded.
You hit the ogre.
The ogre is moderately wounded.
The ogre hits you with a +0 giant spiked club!!
You hit the ogre.
The ogre is heavily wounded.
The ogre completely misses you.
You hit the ogre but do no damage.
The ogre is heavily wounded.
You barely miss the ogre.
The ogre is heavily wounded.
The ogre looks more healthy.
The ogre closely misses you.
You completely miss the ogre.
The ogre is heavily wounded.
You hit the ogre.
The ogre is heavily wounded.
The ogre misses you.
You hit the ogre but do no damage.
The ogre is heavily wounded.
The ogre hits you with a +0 giant spiked club!!
Ouch! That really hurt!
You die...

#.#g....#####
#..(........
#...########
#...# #...# ###
+#..(#+ #..+
.###...(.###..#
.......O.....###
......8@........
.............##
.###.....###.#
#..#...#'.## #..
#...#...# #>
#...##.<# #
#...##### .....
######


You could see an ogre.

Vanquished Creatures
  A phantom (D:3)
  A bullfrog (D:3)
  3 adders
  3 worms (D:2)
  3 dart slugs
  3 orcs (D:3)
  5 ball pythons
  5 bats
  An endoplasm (D:3)
  2 giant cockroaches
  3 goblins
  3 jackals (D:3)
  8 kobolds
  A quokka (D:1)
  5 frilled lizards
  8 rats
55 creatures vanquished.

Notes
Turn   | Place    | Note
-------+----------+-------------------------------------------
     0 | D:1      | avis the Hill Orc Monk began the quest for the Orb.
     0 | D:1      | Reached XP level 1. HP: 19/19 MP: 1/1
   138 | D:1      | Found Tyemmiju's Armour Emporium.
   221 | D:1      | Reached XP level 2. HP: 26/26 MP: 2/2
   275 | D:1      | Reached skill level 5 in Axes
   799 | D:2      | Reached XP level 3. HP: 30/33 MP: 3/3
  1288 | D:2      | Reached skill level 6 in Axes
  1344 | D:2      | Reached XP level 4. HP: 40/40 MP: 4/4
  1959 | D:3      | Found a hazy altar of Hepliaklqana.
  2732 | D:3      | Noticed a phantom
  2765 | D:3      | Killed a phantom
  2766 | D:3      | Reached skill level 7 in Axes
  2766 | D:3      | Reached XP level 5. HP: 37/47 MP: 5/5
  3058 | D:4      | Noticed an ogre
  3071 | D:3      | Reached XP level 6. HP: 45/53 MP: 6/6
  3237 | D:4      | Slain by an ogre

Illustrated notes

Levels and vault maps discovered:
D:1:      minmay_arrival_glassed_features, layout_basic, serial_shops, shop,
          st_stairs_2
D:2:      layout_basic
D:3:      layout_basic, worldfamousw_hep_ancestral_shrine
D:4:      layout_basic, grunt_ministairs_6, sigmund_edmund_badplayer

Skill      XL: |  1  2  3  4 |
---------------+-------------+-----
Axes           | 5 6 7 |  7.8
Fighting       | 4 |  4.7
Dodging        | |  2.4
Stealth        | |  1.5

Action                   |  1- 3 |  4- 6 || total
-------------------------+-------+-------++-------
Melee: Hand axe          |   106 |    98 ||   204
       Punch             |     2 |     1 ||     3
Throw: Dart              |     5 |    12 ||    17
 Stab: Sleeping          |     1 |       ||     1
Armor: Scale mail        |    28 |    23 ||    51
Dodge: Dodged            |    46 |    49 ||    95
